 Dungeon Crawl Stone Soup version 0.32-a0-685-g93135e86f0 (webtiles) character file.

Game seed: 1998852496979113646

237077 ezpacito the Tortoise (level 19, -24/200 HPs)
             Began as a Coglin Chaos Knight on Mar 13, 2024.
             Was a Plaything of Xom.
             Killed from afar by an ironbound thunderhulk (39 damage)
             ... with a bolt of lightning
             ... on level 2 of the Vaults.
             The game lasted 01:28:25 (37172 turns).

ezpacito the Tortoise (Coglin Chaos Knight)        Turns: 37172, Time: 01:28:26

Health: -24/200    AC: 31    Str: 21    XL:     19   Next: 68%
Magic:  29/31      EV: 21    Int: 13    God:    Xom [.....*]
Gold:   887        SH:  6    Dex: 24    Spells: 6/34 levels left

rFire   + + +        p - +5 flail (chaos) {Imanvir}
rCold   + . .        a - +0 hand axe (chaos) {Paser}
rNeg    + . .        E - +6 faerie dragon scales {rF+ rN+ rCorr Stlth+}
rPois   +            (helmet restricted)
rElec   .            O - +2 cloak {Will+}
rCorr   +            F - +2 pair of gloves
SInv    +            m - +0 pair of boots of the Quahog {Str+2 Dex+2 SInv}
Will    ++...        (amulet unavailable)
Stlth   ++++         (ring unavailable)
HPRegen 0.53/turn    (ring unavailable)
MPRegen 0.22/turn    J
                       - N-90 turboturbine {rF+ Slay+3 Clar RMsl}

%: repel missiles, clarity
@: mighty, revved
A: off-hand wielding, slow wielding, warmup strikes, no jewellery, antennae 1,
iridescent scales 3, large bone plates 2, see invisible, agile 2, clever 1, cold
resistance 1, fire resistance 2, sense surroundings 1, poison resistance, robust
3, strong 1, wild magic 1, MP-powered wands
}: 1/15 runes: serpentine
a: Renounce Religion


You were on level 2 of the Vaults.
You worshipped Xom.
You were Xom's teddy bear.
You visited 7 branches of the dungeon, and saw 31 of its levels.
You also visited: Sewer, Gauntlet and Volcano.

You collected 3967 gold pieces.
You spent 3080 gold pieces at shops.

Inventory:

Hand Weapons
 a - a +0 hand axe of chaos (offhand) {Paser}
 p - a +5 flail of chaos (weapon) {Imanvir}
 H - a +4 demon trident
 K - a +3 broad axe of flaming
 N - a +5 demon whip of flaming
Missiles
 e - 11 curare-tipped darts (quivered)
 f - 5 atropa-tipped darts
 j - 14 silver javelins
 n - 8 darts of dispersal
 o - 11 javelins
 v - a throwing net
 x - 19 boomerangs
 y - 29 poisoned darts
 z - 11 datura-tipped darts
Armour
 c - a +1 helmet
 m - the +0 pair of boots of the Quahog (worn) {Str+2 Dex+2 SInv}
   (You bought it in a shop on level 2 of the Orcish Mines)

   Str+2:     It affects your strength (+2).
   Dex+2:     It affects your dexterity (+2).
   SInv:      It lets you see invisible.
 r - quicksilver dragon scales
 w - a +3 troll leather armour {Pargi}
 E - the +6 faerie dragon scales (worn) {rF+ rN+ rCorr Stlth+}
   (You took it off the Enchantress on level 15 of the Dungeon)

   rF+:       It protects you from fire.
   rN+:       It protects you from negative energy.
   rCorr:     It protects you from acid and corrosion.
   Stlth+:    It makes you more stealthy.
 F - a +2 pair of gloves (worn)
 O - a +2 cloak of willpower (worn)
Magical Staves
 U - a staff of death
Gizmo
 J - a N-90 turboturbine (installed) {rF+ Slay+3 Clar RMsl}
   (You invented it yourself in a volcano)

   [N-90 turboturbine]

   Slay+3:    It affects your accuracy & damage with ranged weapons and melee
   (+3).
   rF+:       It protects you from fire.
   Clar:      It protects you from confusion, rage, mesmerisation and fear.
   RMsl:      It protects you from missiles.
Wands
 A - a wand of flame (40)
 D - a wand of digging (3)
 L - a wand of paralysis (7)
 R - a wand of polymorph (6)
Scrolls
 h - a scroll of enchant armour
 i - 16 scrolls of identify
 t - 10 scrolls of teleportation
 M - 2 scrolls of vulnerability
 Q - 5 scrolls of immolation
 V - a scroll of revelation
 W - 2 scrolls of torment
Potions
 b - 7 potions of lignification
 l - 2 potions of attraction
 u - 3 potions of brilliance
 G - 2 potions of cancellation
 S - a potion of magic
Miscellaneous
 k - a phial of floods (inert)
 C - a phantom mirror (inert)
 P - a lightning rod (1/4)


   Skills:
 * Level 14.8 Fighting
 + Level 14.0(16.5) Axes
 + Level 9.6(12.6) Maces & Flails
 + Level 9.3(12.4) Polearms
 * Level 15.9 Armour
 + Level 11.9 Dodging
 - Level 4.0 Stealth
 + Level 8.1 Spellcasting
 + Level 8.5 Necromancy
 + Level 7.4 Alchemy
 + Level 12.8 Evocations


You had 6 spell levels left.
You knew the following spells:

 Your Spells              Type           Power      Damage    Failure   Level
a - Silence               Hex/Air        3%         N/A       99%         5
b - Lehudib's Crystal Sp  Conj/Erth      3%         10d2      100%        8
c - Dispel Undead         Necr           35%        3d15      8%          4
d - Kiss of Death         Conj/Necr      84%        2d11      4%          1
e - Sculpt Simulacrum     Ice/Alch       9%         N/A       99%         6
f - Petrify               Alch/Erth      19%        N/A       41%         4

Your spell library contained the following spells:

 Spells                   Type           Power      Damage    Failure   Level
 Cigotuvi's Dreadful Rot  Necr/Alch/Air  48%        N/A       4%          2
 Mercury Vapours          Alch/Air       38%        N/A       8%          2
 Animate Dead             Necr           35%        N/A       8%          4
 Olgreb's Toxic Radiance  Alch           32%        N/A       11%         4
 Curse of Agony           Necr           35%        N/A       19%         5
 Magic Dart               Conj           24%        1d4       22%         1
 Shock                    Conj/Air       24%        1d4       22%         1
 Mephitic Cloud           Conj/Alch/Air  15%        N/A       24%         3
 Blink                    Tloc           12%        N/A       32%         2
 Call Imp                 Summ           12%        N/A       32%         2
 Scorch                   Fire           12%        2d5       32%         2
 Searing Ray              Conj           12%        2d4       32%         2
 Anguish                  Hex/Necr       10%        N/A       34%         4
 Martyr's Knell           Necr/Summ      21%        N/A       34%         4
 Fulminant Prism          Conj/Alch      9%         3d7       41%         4
 Leda's Liquefaction      Alch/Erth      9%         N/A       41%         4
 Confusing Touch          Hex            6%         N/A       52%         3
 Dazzling Flash           Conj/Hex       12%        N/A       52%         3
 Tukima's Dance           Hex            6%         N/A       52%         3
 Volatile Blastmotes      Fire/Tloc      12%        2d11      52%         3
 Eringya's Noxious Bog    Alch           16%        4d6       80%         6
 Cause Fear               Hex            3%         N/A       88%         4
 Dimensional Bullseye     Hex/Tloc       3%         N/A       88%         4
 Iskenderun's Mystic Bla  Conj/Tloc      6%         2d4       88%         4
 Passage of Golubria      Tloc           6%         N/A       88%         4
 Summon Lightning Spire   Summ/Air       6%         N/A       88%         4
 Vhi's Electric Charge    Tloc/Air       12%        N/A       88%         4
 Arcjolt                  Conj/Air       3%         1d13      99%         5
 Freezing Cloud           Conj/Ice/Air   3%         6-21      99%         5
 Metabolic Englaciation   Hex/Ice        3%         N/A       99%         5
 Summon Forest            Summ/Tloc      3%         N/A       99%         5
 Plasma Beam              Fire/Air       3%         2x1d13    100%        6
 Starburst                Conj/Fire      3%         6d3       100%        6
 Enfeeble                 Hex            3%         N/A       100%        7
 Haunt                    Necr/Summ      10%        N/A       100%        7
 Malign Gateway           Summ/Tloc      3%         N/A       100%        7
 Ozocubu's Refrigeration  Ice            3%         4d8       100%        7
 Summon Hydra             Summ           3%         N/A       100%        7
 Discord                  Hex            3%         N/A       100%        8
 Infestation              Necr           17%        N/A       100%        8
 Maxwell's Capacitive Co  Air            3%         ∞         100%        8
 Polar Vortex             Ice            3%         N/A       100%        9


Dungeon Overview and Level Annotations

Branches:
Dungeon (15/15)            Temple (1/1) D:7            Lair (5/5) D:10
 Shoals (0/4) Lair:3        Snake (4/4) Lair:2        Slime (0/5) Lair:4
    Orc (2/2) D:11            Elf (0/3) Orc:2        Vaults (2/5) D:13
 Depths (2/4) D:15          Sewer (visited)         Volcano (visited)
Gauntlet (visited)
  Crypt: Vaults:2-3

Altars:
Ashenzari
Cheibriados
Dithmenos
Elyvilon
Fedhas
Gozag
Hepliaklqana
Kikubaaqudgha
Makhleb
Nemelex Xobeh
Okawaru
Qazlal
Ru
Sif Muna
Trog
Uskayaw
Vehumet
Wu Jian
Xom
Yredelemnul
Zin
The Shining One
Beogh
Jiyva

Shops:
D:3 =   D:8 =**   Orc:2 [(==*   Vaults:1 *

Portals:
Hell: Depths:1
Pandemonium: Depths:1 Depths:2
Ziggurat: Depths:1

Annotations:
Lair:4 2 transporters, exclusion: ice statue, Hoaki's ghost, journeyman HONe
Vaults:1 2 transporters
Depths:1 4 transporters


Innate Abilities, Weirdness & Mutations

You can wield a second weapon in your off-hand.
It takes a long time for you to wield or remove held weapons.
Your first few attacks do less damage.
You cannot equip rings or amulets.
You have a pair of small antennae on your head.
You are completely covered in iridescent scales. (AC +6)
You are mostly covered in large bone plates. (SH +6)
You have supernaturally acute eyesight. (SInv)
You are very agile. (Dex +8, Str/Int -2)
Your mind is acute. (Int +4, Str/Dex -1)
Your flesh is cold resistant. (rC+)
Your flesh is very heat resistant. (rF++)
You passively map a small area around you.
Your system is resistant to poisons. (rPois)
You are extremely robust. (+30% HP)
Your muscles are strong. (Str +4, Int/Dex -1)
Your spells are a little harder to cast, but a little more powerful.
You expend magic power (3 MP) to strengthen your wands.


Message History

Your crimson imp completely misses the arcanist.
The arcanist attacks as it pursues you! The arcanist barely misses you.
Your ufetubus hits the arcanist.
Your ufetubus closely misses the arcanist.
Your iron imp closely misses the vault guard.
Your quasit bites the orc warlord but does no damage.
Your quasit claws the orc warlord but does no damage. x2
The vault guard barely misses your shadow imp.
Your crimson imp blinks!
Your crimson imp completely misses the orc warlord.
The arcanist hits you with a +0 dagger.
* * * LOW HITPOINT WARNING * * *
You take 3 damage, and have 14/200 hp.
Your quasit completely misses the orc warlord.
Your quasit claws the orc warlord but does no damage. x2
Your iron imp hits the orc warlord but does no damage.
The vault guard hits your shadow imp with a +0 glaive!!
Your shadow imp dies!
Your shadow imp disappears in a puff of smoke!
Your crimson imp hits the orc warlord but does no damage.
Electricity crackles from the ironbound thunderhulk's apparatus.
The bolt of lightning is repelled.
Your shadow imp hits the orc warlord but does no damage.
You sock the arcanist with your +5 flail of chaos!
The arcanist is moving more slowly.
The arcanist is heavily wounded.
You catch the helpless arcanist completely off-guard!
You slash the arcanist with your +0 hand axe of chaos!
You freeze the arcanist. The arcanist completely misses you.
Your quasit bites the orc warlord.
Your quasit claws the orc warlord.
Your quasit claws the orc warlord but does no damage.
The vault guard hits your ufetubus with a +0 glaive!!
Your ufetubus dies!
Your ufetubus disappears in a puff of smoke!
Your iron imp closely misses the vault guard.
Your crimson imp hits the orc warlord but does no damage.
Electricity crackles from the ironbound thunderhulk's apparatus.
The bolt of lightning hits you!!!
You die...
Xom thinks this is hilarious!

#......##......p.§#
#......####'#######
,
#.....5#O..........
#....55#p<.........
,
+...55opc.p........
, ,,,
#....5§#####c######
,, #......# ... , *
, ,#...p..# ..... *
#..@...# ,#!#.# ,
#......# * * # ,
#......# #......# ,
########* *, , , ,
, , , ,


You could see an orc warlord (paralysed, drained, ally target), an ironbound
thunderhulk, a yaktaur captain, a vault guard (ally target), an ironbound
convoker, an arcanist (fast, petrifying), a friendly iron imp (summoned), a
friendly quasit (summoned), 2 friendly crimson imps, a friendly white imp
(summoned) and a friendly shadow imp (summoned).

Vanquished Creatures
  Nikola (Snake:2)
  the Enchantress (D:15)
  Jorgrun (D:14)
  Rupert (D:14)
  A tentacled monstrosity (Vaults:2)
  2 sphinxes
  3 tengu reavers (Depths:1)
  Kirke (Lair:4)
  Aizul (Snake:2)
  5 nagarajas
  4 vault wardens (Vaults:1)
  3 frost giants (Depths:1)
  4 spriggan defenders
  4 ironbound preservers
  7 very ugly things (Depths:1)
  2 ironbound thunderhulks (Vaults:1)
  A broodmother (Snake:4)
  A vampire knight (Depths:1)
  3 stone giants (Depths:1)
  2 dire elephants
  2 minotaurs
  3 spark wasps
  3 fire dragons
  Snorg (Orc:1)
  3 ettins
  Josephine (D:14)
  An entropy weaver (shapeshifter) (D:14)
  3 yaktaur captains
  3 spriggan air magi (Depths:1)
  3 great orbs of eyes
  3 ice dragons
  A vault guard (Vaults:1)
  4 salamander tyrants
  A rakshasa (D:15)
  2 ogre magi (Orc:2)
  A hydra (D:15)
  4 catoblepae
  15 anacondas
  The ghost of cordlesssteve the Skirmisher, a novice MiHu of Fedhas (Lair:1)
  9 centaur warriors
  4 ironbound frosthearts
  7 death yaks
  13 two-headed ogres
  A boulder beetle (D:14)
  A deep troll earth mage (Depths:1)
  A tengu warrior (D:15)
  The ghost of ceribaal the Fighter, a novice OpSh of Trog (D:8)
  An occultist (Volcano)
  2 spriggan berserkers
  12 naga sharpshooters
  11 naga warriors
  9 shock serpents
  Sonja (Lair:5)
  4 hell knights (Depths:1)
  5 salamander mystics
  2 skysharks
  2 fire crabs
  2 sixfirhies (Gauntlet)
  13 mana vipers
  A death drake (Gauntlet)
  8 deep trolls
  7 lindwurms
  3 arcanists
  5 naga ritualists
  A glowing orange brain (Lair:4)
  A mana viper (shapeshifter) (D:15)
  2 orc knights
  A deep elf pyromancer (D:13)
  5 necromancers
  5 ironbound convokers (Vaults:1)
  5 cyclopes
  An oklob plant (Lair:5)
  6 manticores
  12 ugly things
  An orc sorcerer (Orc:1)
  20 salamanders
  A centaur zombie (Gauntlet)
  5 guardian serpents
  33 black mambas
  11 slime creatures
  30 elephants
  A meliai (D:13)
  3 molten gargoyles (Volcano)
  A torpor snail (Lair:3)
  An ice statue (Gauntlet)
  A spectral centaur (Gauntlet)
  7 cane toads
  3 gargoyles
  17 naga magi
  2 vault sentinels (Vaults:1)
  5 rime drakes
  9 komodo dragons
  An unseen horror (D:12)
  A yaktaur zombie (Vaults:1)
  A freezing wraith (D:13)
  18 yaktaurs
  A yaktaur skeleton (Vaults:1)
  A kobold demonologist (D:13)
  A merfolk (Lair:3)
  A tengu conjurer (Depths:1)
  A tyrant leech (Depths:1)
  A polar bear (Lair:3)
  2 hornets
  15 trolls
  Prince Ribbit (D:6)
  A blink frog (shapeshifter) (D:14)
  A human simulacrum (Vaults:1)
  2 blink frogs (Lair:5)
  4 dream sheep (Lair:5)
  A centaur simulacrum (D:14)
  5 wraiths
  6 wyverns
  3 spriggans
  75 yaks
  A shadow (D:12)
  4 basilisks
  3 fire bats (Gauntlet)
  4 wargs
  3 hogs (Lair:4)
  2 steam dragons
  14 vampire mosquitoes
  A swamp worm (Lair:5)
  41 nagas
  17 water moccasins
  2 acid dragons
  A hell hound (Gauntlet)
  2 sky beasts (D:8)
  12 orc warriors
  Pargi (Sewer)
  4 laughing skulls
  3 black bears
  22 ogres
  8 centaurs
  20 wolves
  A phantom (D:6)
  A kobold brigand (D:8)
  12 bullfrogs
  A brain worm (Sewer)
  A salamander zombie (Snake:3)
  3 scorpions
  A gnoll sergeant (D:7)
  5 killer bees (D:10)
  3 howler monkeys (D:9)
  A bombardier beetle (D:5)
  2 jellies
  2 hounds
  7 orc priests
  16 orc wizards
  2 iguanas
  7 gnolls
  9 adders
  A river rat (Snake:3)
  A shadow imp (D:7)
  A white imp (D:5)
  2 ufetubi (D:6)
  3 dart slugs
  2 ribbon worms
  63 orcs
  6 endoplasms
  2 giant cockroaches
  9 goblins
  6 hobgoblins
  8 jackals
  8 kobolds
  4 quokkas
  6 ball pythons
  A bat (D:2)
  4 frilled lizards
  6 rats
933 creatures vanquished.

Vanquished Creatures (collateral kills)
  A shard shrike (Depths:1)
  A hydra (Lair:4)
  A death yak (Lair:5)
  A naga sharpshooter (Snake:3)
  2 naga warriors
  2 salamander mystics (Snake:4)
  2 deep trolls (Vaults:1)
  An arcanist (Vaults:1)
  A mana viper (Snake:4)
  2 elephants
  A cyclops (Volcano)
  2 black mambas
  A molten gargoyle (Volcano)
  A guardian serpent (Snake:4)
  A gargoyle (D:13)
  A komodo dragon (Lair:5)
  A rime drake (Lair:5)
  2 blink frogs (Lair:5)
  A shadow (D:11)
  A slime creature (Vaults:1)
  A hog (Lair:4)
  A wyvern (D:11)
  5 yaks (Lair:5)
  2 centaurs (D:11)
  An adder (D:5)
  4 orcs
40 creatures vanquished.

Vanquished Creatures (others)
  An ironbound frostheart (Vaults:1)
  A dancing weapon (D:11)
  2 death yaks (Lair:2)
  A guardian serpent (Snake:3)
  A rime drake (D:13)
  A polar bear (Snake:4)
  A fire dragon zombie (Snake:4)
  2 fire bats (Gauntlet)
  A human (Lair:4)
  A naga (Snake:2)
  A hell hound (Gauntlet)
  A wolf zombie (Lair:5)
14 creatures vanquished.

Grand Total: 987 creatures vanquished

Notes
Turn   | Place    | Note
-------+----------+-------------------------------------------
     0 | D:1      | ezpacito the Coglin Chaos Knight began the quest for the
                  | Orb.
     0 | D:1      | Reached XP level 1. HP: 18/18 MP: 1/1
    47 | D:1      | XOM: butterfly on damage
   117 | D:1      | Reached skill level 1 in Dodging
   125 | D:1      | Reached XP level 2. HP: 21/24 MP: 2/2
   217 | D:1      | Found a faded altar of an unknown god.
   251 | D:1      | XOM: silly message
   252 | D:1      | Reached skill level 2 in Armour
   311 | D:1      | Found Ostu Gec's Antique Weapon Shop.
   451 | D:1      | XOM: divination: detect items
   479 | D:1      | XOM: silly message
   671 | D:1      | XOM: silly message
   681 | D:1      | XOM: give mutations
   681 | D:1      | Gained mutation: Your movements are slightly less
                  | encumbered by armour. (ER -2) [Xom's grace]
   681 | D:1      | Gained mutation: Your flesh is cold resistant. (rC+) [Xom's
                  | grace]
   738 | D:1      | XOM: scenery: create altars
   758 | D:1      | XOM: give mutation
   758 | D:1      | Gained mutation: You are partially covered in iridescent
                  | scales. (AC +2) [Xom's grace]
   860 | D:2      | Reached XP level 3. HP: 29/29 MP: 3/3
   976 | D:2      | Found a radiant altar of Vehumet.
  1140 | D:2      | XOM: divination: magic mapping
  1160 | D:2      | Reached XP level 4. HP: 35/35 MP: 4/4
  1209 | D:2      | XOM: cloud trail
  1625 | D:3      | XOM: god gift: runed flail {god gift}
  1788 | D:3      | Found Ness's Jewellery Shop.
  1823 | D:3      | XOM: god gift: white potion {god gift}
  1961 | D:3      | XOM: god gift: 34 gold pieces
  1987 | D:3      | Found a glowing drain.
  1996 | Sewer    | Entered a sewer
  2042 | Sewer    | Reached XP level 5. HP: 41/41 MP: 5/5
  2057 | Sewer    | Reached skill level 1 in Polearms
  2057 | Sewer    | Reached skill level 1 in Stealth
  2073 | Sewer    | Noticed Pargi
  2082 | Sewer    | Killed Pargi
  2083 | Sewer    | Reached skill level 1 in Spellcasting
  2083 | Sewer    | Reached XP level 6. HP: 39/48 MP: 7/7
  2109 | Sewer    | Reached skill level 3 in Armour
  2208 | Sewer    | XOM: god gift: wand of quicksilver (7)
  2392 | D:3      | Reached skill level 1 in Maces & Flails
  2542 | D:3      | XOM: scenery: summon butterflies
  2680 | D:4      | Reached XP level 7. HP: 40/54 MP: 8/8
  2923 | D:4      | Reached skill level 1 in Evocations
  3102 | D:5      | Entered Level 5 of the Dungeon
  3255 | D:5      | XOM: summons 3 friendly demons
  3308 | D:5      | Reached XP level 8. HP: 59/61 MP: 10/10
  3411 | D:5      | XOM: smoke on damage
  3422 | D:5      | XOM: give mutations
  3422 | D:5      | Gained mutation: You have a pair of small antennae on your
                  | head. [Xom's grace]
  3422 | D:5      | Gained mutation: You have hidden genetic potential. [Xom's
                  | grace]
  3654 | D:6      | Reached skill level 4 in Armour
  3684 | D:6      | XOM: god gift: 58 gold pieces
  3692 | D:6      | Reached skill level 5 in Axes
  3745 | D:6      | Noticed Prince Ribbit
  3755 | D:6      | Killed Prince Ribbit
  3756 | D:6      | Reached skill level 5 in Fighting
  3766 | D:6      | XOM: scenery: summon butterflies
  3891 | D:6      | XOM: polymorph bullfrog -> quokka
  4212 | D:7      | Found a staircase to the Ecumenical Temple.
  4220 | D:7      | Identified the +0 plate armour of Wudwefaiwe {Dex+3}
  4221 | D:7      | XOM: enchant monster (good)
  4259 | Temple   | Entered the Ecumenical Temple
  4282 | D:7      | Found a blossoming altar of Fedhas.
  4309 | D:7      | Reached XP level 9. HP: 63/68 MP: 12/12
  4332 | D:7      | XOM: confuse monster(s)
  4333 | D:7      | XOM: scenery: create altars
  4337 | D:7      | XOM: give mutation
  4337 | D:7      | Gained mutation: You are robust. (+10% HP) [Xom's grace]
  4464 | D:7      | Gained mutation: You are resistant to electric shocks.
                  | (rElec) [hidden potential]
  4515 | D:7      | Noticed a troll
  4519 | D:7      | XOM: smoke on damage
  4520 | D:7      | Killed a troll
  4628 | D:7      | Found a shimmering blue altar of Sif Muna.
  4719 | D:8      | Found Piajoax's General Store.
  4760 | D:8      | Bought a potion of lignification for 39 gold pieces
  4760 | D:8      | Bought a potion of might for 52 gold pieces
  4760 | D:8      | Bought a scroll of teleportation for 39 gold pieces
  4760 | D:8      | Bought a scroll of revelation for 97 gold pieces
  4835 | D:8      | Found Fyshimiu's Magic Scroll Shoppe.
  4839 | D:8      | Bought a scroll of fog for 56 gold pieces
  4839 | D:8      | Bought a scroll of identify for 28 gold pieces
  4839 | D:8      | Bought a scroll of fear for 56 gold pieces
  4956 | D:8      | Noticed a centaur warrior
  4963 | D:8      | Found a runed translucent gate.
  4963 | D:8      | Found a runed translucent gate.
  4963 | D:8      | Noticed ceribaal's ghost (novice OpSh)
  4970 | D:8      | XOM: 1-stop teleportation journey
  4977 | D:8      | Found a sacrificial altar of Ru.
  5005 | D:8      | Found Gearath's Jewellery Shop.
  5088 | D:8      | Found Ycoed's Assorted Antiques.
  5089 | D:8      | Noticed a hornet
  5100 | D:8      | XOM: summons 9 friendly demons
  5102 | D:8      | Killed a hornet
  5103 | D:8      | Reached skill level 5 in Armour
  5134 | D:8      | Found a runed translucent gate.
  5263 | D:8      | XOM: cleaving
  5395 | D:9      | XOM: scenery: create altars
  5396 | D:9      | XOM: scenery: summon butterflies
  5410 | D:9      | Reached skill level 5 in Dodging
  5410 | D:9      | Reached XP level 10. HP: 64/83 MP: 14/14
  5476 | D:9      | a yak changed into a manticore
  5476 | D:9      | Noticed a manticore
  5476 | D:9      | XOM: polymorph yak -> manticore
  5483 | D:9      | Killed a manticore
  5487 | D:9      | Gained mutation: You passively dampen the noise of your
                  | surroundings. [hidden potential]
  5487 | D:9      | Lost mutation: You have hidden genetic potential. [hidden
                  | potential expressed]
  5739 | D:9      | Learned a level 5 spell: Silence
  5748 | D:9      | Learned a level 8 spell: Lehudib's Crystal Spear
  5750 | D:9      | XOM: scenery: summon butterflies
  5756 | D:9      | XOM: scenery: create altars
  6069 | D:9      | XOM: stat loss: -1 Int (10/11)
  6145 | D:9      | Reached skill level 6 in Armour
  6377 | D:10     | Entered Level 10 of the Dungeon
  6413 | D:10     | XOM: summons friendly ufetubus
  6422 | D:10     | XOM: polymorph orc priest -> endoplasm
  6433 | D:10     | XOM: give mutations
  6433 | D:10     | Gained mutation: Your muscles are strong. (Str +4, Int/Dex
                  | -1) [Xom's grace]
  6433 | D:10     | Gained mutation: You are partially covered in large bone
                  | plates. (SH +4) [Xom's grace]
  6433 | D:10     | Gained mutation: You are mostly covered in large bone
                  | plates. (SH +6) [Xom's grace]
  6486 | D:10     | Noticed a two-headed ogre
  6486 | D:10     | XOM: 4-stop teleportation journey
  6487 | D:10     | Noticed a two-headed ogre
  6490 | D:10     | Noticed a gargoyle
  6496 | D:10     | Killed a two-headed ogre
  6497 | D:10     | Reached skill level 5 in Evocations
  6498 | D:10     | Killed a gargoyle
  6499 | D:10     | Reached XP level 11. HP: 82/92 MP: 14/16
  6557 | D:10     | Found a staircase to the Lair.
  6658 | D:10     | Found a shadowy altar of Dithmenos.
  6824 | D:10     | Killed a two-headed ogre
  7056 | D:11     | Noticed a manticore
  7060 | D:11     | Killed a manticore
  7097 | D:11     | XOM: scenery: summon butterflies
  7110 | D:11     | XOM: butterfly on damage
  7114 | D:11     | Found a staircase to the Orcish Mines.
  7167 | D:11     | Noticed a cyclops
  7174 | D:11     | XOM: fog
  7178 | D:11     | Killed a cyclops
  7243 | D:11     | Learned a level 4 spell: Dispel Undead
  7307 | D:11     | XOM: 6-stop teleportation journey
  7401 | D:11     | XOM: give mutations
  7401 | D:11     | Gained mutation: Your mind is acute. (Int +4, Str/Dex -1)
                  | [Xom's grace]
  7401 | D:11     | Gained mutation: You expend magic power (3 MP) to
                  | strengthen your wands. [Xom's grace]
  7401 | D:11     | Gained mutation: You are mostly covered in iridescent
                  | scales. (AC +4) [Xom's grace]
  7401 | D:11     | Gained mutation: You have hidden genetic potential. [Xom's
                  | grace]
  7576 | D:11     | XOM: god gift: amulet of magic regeneration
  7727 | D:12     | XOM: summons friendly white imp
  7784 | D:12     | Reached skill level 7 in Armour
  7899 | D:12     | Reached skill level 1 in Necromancy
  8279 | D:12     | Noticed a two-headed ogre
  8288 | D:12     | Killed a two-headed ogre
  8490 | D:12     | XOM: divination: detect creatures
  8514 | D:13     | Noticed a two-headed ogre
  8521 | D:13     | Killed a two-headed ogre
  8563 | D:13     | Found a gate leading to a gauntlet.
  8597 | D:13     | Noticed a centaur warrior
  8599 | D:13     | Found a gate to the Vaults.
  8599 | D:13     | Noticed an ironbound preserver
  8695 | D:13     | Noticed a deep elf pyromancer
  8699 | D:13     | XOM: potion effect (haste)
  8702 | D:13     | Killed a deep elf pyromancer
  8715 | Gauntlet | Entered a Gauntlet
  8715 | Gauntlet | Found a transporter.
  8725 | Gauntlet | Found a transporter.
  8728 | Gauntlet | Found a transporter.
  8729 | Gauntlet | Found a transporter.
  8735 | Gauntlet | Noticed a necromancer
  8736 | Gauntlet | Found a runed translucent door.
  8738 | Gauntlet | Found a transporter.
  8740 | Gauntlet | Found a transporter.
  8741 | Gauntlet | Found a transporter.
  8745 | Gauntlet | Noticed a sixfirhy
  8749 | Gauntlet | Noticed a sixfirhy
  8753 | Gauntlet | Found a transporter.
  8758 | Gauntlet | Found a runed translucent door.
  8760 | Gauntlet | Noticed a death drake
  8760 | Gauntlet | Found a transporter.
  8760 | Gauntlet | Found a transporter.
  8762 | Gauntlet | Found a transporter.
  8763 | Gauntlet | Found a runed translucent door.
  8766 | Gauntlet | Found a transporter.
  8767 | Gauntlet | Found a transporter.
  8771 | Gauntlet | Found a runed translucent door.
  8775 | Gauntlet | Found a transporter.
  8779 | Gauntlet | Noticed a fire crab
  8784 | Gauntlet | Found a runed translucent door.
  8872 | Gauntlet | XOM: confuse monster(s)
  8874 | Gauntlet | Reached XP level 12. HP: 48/102 MP: 17/17
  8933 | Gauntlet | XOM: butterfly on damage
  9054 | Gauntlet | Gained mutation: Your mind is very acute. (Int +8, Str/Dex
                  | -2) [hidden potential]
  9122 | Gauntlet | Reached skill level 5 in Maces & Flails
  9129 | Gauntlet | XOM: divine lightning
  9185 | Gauntlet | Learned a level 1 spell: Kiss of Death
  9231 | Gauntlet | Identified a scroll of acquirement
  9231 | Gauntlet | Acquired a manual of Armour
  9361 | Gauntlet | Noticed a minotaur
  9369 | Gauntlet | XOM: cloud trail
  9376 | Gauntlet | Killed a minotaur
  9377 | Gauntlet | Reached skill level 8 in Armour
  9664 | D:13     | Killed a centaur warrior
  9875 | D:13     | XOM: summons 12 friendly demons
  9898 | D:13     | Found a sparkling altar of Nemelex Xobeh.
  9954 | D:13     | XOM: god gift: 22 gold pieces
  9982 | D:13     | Noticed a centaur warrior
  9998 | D:13     | Killed an ironbound preserver
  9999 | D:13     | Reached skill level 5 in Polearms
  9999 | D:13     | Noticed a centaur warrior
 10003 | D:13     | Killed a centaur warrior
 10177 | D:13     | XOM: divination: detect creatures
 10259 | D:13     | Reached XP level 13. HP: 111/111 MP: 9/19
 10269 | D:13     | XOM: give mutation
 10269 | D:13     | Gained mutation: Your muscles are very strong. (Str +8,
                  | Int/Dex -2) [Xom's grace]
 10339 | D:13     | XOM: summons 4 friendly demons
 10442 | D:13     | XOM: summons 5 friendly demons
 10471 | D:13     | XOM: scenery: summon butterflies
 10513 | D:13     | XOM: cleaving
 10523 | D:13     | Reached skill level 9 in Armour
 10594 | D:13     | XOM: give mutations
 10594 | D:13     | Gained mutation: You are completely covered in iridescent
                  | scales. (AC +6) [Xom's grace]
 10594 | D:13     | Gained mutation: You are agile. (Dex +4, Str/Int -1) [Xom's
                  | grace]
 10594 | D:13     | Gained mutation: Your system is resistant to poisons.
                  | (rPois) [Xom's grace]
 10594 | D:13     | Gained mutation: You passively map a small area around you.
                  | [Xom's grace]
 10637 | D:13     | XOM: give mutation
 10637 | D:13     | Gained mutation: Your spells are a little harder to cast,
                  | but a little more powerful. [Xom's grace]
 10662 | D:13     | XOM: divination: detect items
 10869 | D:14     | Noticed Rupert
 10869 | D:14     | XOM: 1-stop teleportation journey
 10894 | D:14     | Killed Rupert
 10911 | D:14     | Gained mutation: Your flesh is heat resistant. (rF+)
                  | [hidden potential]
 10911 | D:14     | Lost mutation: You have hidden genetic potential. [hidden
                  | potential expressed]
 11154 | D:14     | XOM: 2-stop teleportation journey
 11260 | D:14     | Noticed Josephine
 11268 | D:14     | XOM: potion effect (magic)
 11270 | D:14     | Killed Josephine
 11444 | D:14     | XOM: 2-stop teleportation journey
 11471 | D:14     | Noticed an entropy weaver
 11485 | D:14     | Killed an entropy weaver
 11502 | D:14     | XOM: silly message
 11700 | D:14     | XOM: silly message
 11795 | D:14     | Noticed Jorgrun
 11809 | D:14     | Killed Jorgrun
 11991 | D:14     | XOM: potion effect (brilliance)
 12003 | D:14     | Reached skill level 10 in Axes
 12003 | D:14     | Reached skill level 5 in Spellcasting
 12042 | D:14     | XOM: confusion
 12270 | D:11     | XOM: god gift: wand of quicksilver (6)
 12286 | Orc:1    | Entered Level 1 of the Orcish Mines
 12286 | Orc:1    | Found a radiant altar of Vehumet.
 12329 | Orc:1    | Noticed Snorg
 12332 | Orc:1    | Reached skill level 10 in Fighting
 12338 | Orc:1    | Killed Snorg
 12339 | Orc:1    | Reached skill level 10 in Armour
 12383 | Orc:1    | Found a dark tunnel.
 12388 | Volcano  | Entered a volcano
 12423 | Volcano  | XOM: cleaving
 12461 | Volcano  | Noticed an orb of fire
 12463 | Volcano  | XOM: enchant monster (good)
 12617 | Volcano  | Noticed an orb of fire
 12655 | Volcano  | XOM: summons friendly ufetubus
 12661 | Volcano  | XOM: cast spell 'Summon Dragon'
 12665 | Volcano  | Reached XP level 14. HP: 87/121 MP: 21/21
 12676 | Volcano  | XOM: polymorph fire dragon -> shadow dragon
 12859 | Volcano  | XOM: give mutation
 12859 | Volcano  | Gained mutation: You are somewhat resistant to further
                  | mutation. [Xom's grace]
 12873 | Volcano  | XOM: scenery: summon butterflies
 12953 | Volcano  | Acquired a N-90 turboturbine {rF+ Slay+3 Clar RMsl}
 13028 | Orc:1    | XOM: scenery: 1 doors open
 13150 | Orc:1    | XOM: divination: detect items
 13304 | Orc:1    | XOM: cast spell 'Summon Ice Beast'
 13468 | Orc:1    | XOM: god gift: scroll of noise
 13539 | Orc:2    | Entered Level 2 of the Orcish Mines
 13580 | Orc:2    | Found a staircase to the Elven Halls.
 13715 | Orc:2    | XOM: scenery: create altars
 13972 | Orc:2    | XOM: confuse monster(s)
 13974 | Orc:2    | XOM: summons 5 friendly demons
 13994 | Orc:2    | XOM: enchant monster (good)
 14000 | Orc:2    | XOM: summons 12 friendly demons
 14002 | Orc:2    | Reached skill level 11 in Armour
 14007 | Orc:2    | Found a roughly hewn altar of Beogh.
 14008 | Orc:2    | Found Yharidem's Jewellery Shoppe.
 14010 | Orc:2    | Found Tatagh's General Store.
 14019 | Orc:2    | XOM: 1-stop teleportation journey
 14191 | Orc:2    | XOM: divination: detect items
 14214 | Orc:2    | Paralysed by something for 3 turns
 14228 | Orc:2    | XOM: 10-stop teleportation journey
 14289 | Orc:2    | Found Nehu Kekh's Weapon Boutique.
 14295 | Orc:2    | XOM: potion effect (brilliance)
 14298 | Orc:2    | XOM: noise
 14300 | Orc:2    | XOM: cast spell 'Chain of Chaos'
 14303 | Orc:2    | XOM: give mutations
 14303 | Orc:2    | Lost mutation: You passively dampen the noise of your
                  | surroundings. [Xom's mischief]
 14303 | Orc:2    | Lost mutation: You are somewhat resistant to further
                  | mutation. [Xom's mischief]
 14303 | Orc:2    | Lost mutation: You are resistant to electric shocks.
                  | (rElec) [Xom's mischief]
 14306 | Orc:2    | XOM: god gift: book of Lightning
 14314 | Orc:2    | XOM: noise
 14322 | Orc:2    | Found Lacuffe's Jewellery Shoppe.
 14340 | Orc:2    | XOM: summons 8 friendly demons
 14367 | Orc:2    | XOM: polymorph crimson imp -> chaos spawn
 14493 | Orc:2    | Bought a wand of mindburst (8) for 156 gold pieces
 14532 | Orc:2    | Found Ucwuithrerch's Antique Armour Boutique.
 14692 | D:8      | Bought 2 scrolls of enchant armour for 210 gold pieces
 14692 | D:8      | Bought a scroll of teleportation for 42 gold pieces
 14692 | D:8      | Bought a scroll of fog for 56 gold pieces
 14692 | D:8      | Bought a scroll of amnesia for 56 gold pieces
 14710 | D:8      | Bought a steaming plate armour for 588 gold pieces
 14710 | D:8      | Identified the +0 plate armour "Nella Guky" {Regen+ rCorr
                  | Int-3 SInv} (You bought it in a shop on level 8 of the
                  | Dungeon)
 14845 | D:12     | XOM: 1-stop teleportation journey
 14969 | Lair:1   | Entered Level 1 of the Lair of Beasts
 15013 | Lair:1   | XOM: potion effect (brilliance)
 15233 | Lair:1   | Learned a level 6 spell: Sculpt Simulacrum
 15308 | Lair:1   | Found a runed translucent gate.
 15308 | Lair:1   | Found a runed translucent gate.
 15386 | Lair:1   | XOM: summons friendly iron imp
 15391 | Lair:1   | XOM: potion effect (might)
 15440 | Lair:1   | XOM: summons friendly iron imp
 15503 | Lair:1   | XOM: fog
 15579 | Lair:1   | Noticed cordlesssteve's ghost (novice MiHu)
 15596 | Lair:1   | Found a runed translucent gate.
 15774 | Lair:1   | XOM: divination: magic mapping
 15778 | Lair:1   | Killed cordlesssteve's ghost
 15779 | Lair:1   | Reached skill level 1 in Alchemy
 15798 | Lair:1   | Reached XP level 15. HP: 123/129 MP: 23/23
 15943 | D:8      | XOM: potion effect (brilliance)
 15944 | D:8      | XOM: noise
 15945 | D:8      | Killed ceribaal's ghost
 15949 | D:8      | XOM: confuse monster(s)
 15953 | D:8      | Reached skill level 5 in Necromancy
 16167 | Lair:2   | XOM: confuse monster(s)
 16311 | Lair:2   | Got the Collected Works on Pyromania and Ceraunoscopy
 16506 | Lair:2   | Found a staircase to the Snake Pit.
 16523 | Lair:2   | Reached skill level 12 in Armour
 16553 | Lair:2   | XOM: divine lightning
 16568 | Lair:2   | XOM: summons 2 hostile demons
 16571 | Lair:2   | XOM: noise
 16579 | Lair:2   | Reached skill level 10 in Dodging
 16954 | Lair:3   | XOM: cast spell 'Iskenderun's Battlesphere'
 17160 | Lair:3   | XOM: summons 1 hostile demon
 17212 | Lair:3   | XOM: 5-stop teleportation journey
 17270 | Lair:3   | XOM: 8-stop teleportation journey
 17438 | Lair:3   | XOM: cast spell 'Death Channel'
 17759 | Lair:3   | Found a staircase to the Shoals.
 17890 | Lair:3   | Found a sparkling altar of Nemelex Xobeh.
 17905 | Lair:3   | XOM: stat loss: -1 Dex (14/15)
 17919 | Lair:3   | XOM: noise
 18202 | Lair:4   | XOM: enchant monster (bad)
 18208 | Lair:4   | XOM: enchant monster (bad)
 18225 | Lair:4   | Identified the +7 short sword of Massacring {flame, *Noise
                  | rC- rN+++ SInv}
 18236 | Lair:4   | Noticed Kirke
 18255 | Lair:4   | Killed Kirke
 18344 | Lair:4   | XOM: give mutations
 18344 | Lair:4   | Lost mutation: You expend magic power (3 MP) to strengthen
                  | your wands. [Xom's mischief]
 18344 | Lair:4   | Lost mutation: You have a pair of small antennae on your
                  | head. [Xom's mischief]
 18344 | Lair:4   | Lost mutation: You passively map a small area around you.
                  | [Xom's mischief]
 18344 | Lair:4   | Lost mutation: Your flesh is heat resistant. (rF+) [Xom's
                  | mischief]
 18422 | Lair:4   | XOM: silly message
 18556 | Lair:4   | XOM: cloud trail
 18568 | Lair:4   | XOM: divination: detect items
 18639 | Lair:4   | Found a transporter.
 18655 | Lair:4   | Found a viscous altar of Jiyva.
 18656 | Lair:4   | Found a staircase to the Slime Pits.
 18687 | Lair:4   | Noticed Hoaki's ghost (journeyman HONe)
 18720 | Lair:4   | Found a transporter.
 18755 | Lair:4   | Identified the +7 sling "Mumeuv" {heavy, rF- rC++ Dex+4}
 19275 | Lair:5   | Entered Level 5 of the Lair of Beasts
 19278 | Lair:5   | XOM: scenery: create altars
 19288 | Lair:5   | XOM: enchant monster (bad)
 19353 | Lair:5   | Noticed Sonja
 19504 | Lair:5   | Killed Sonja
 19617 | Lair:5   | XOM: divination: detect items
 19634 | Lair:5   | Reached skill level 13 in Armour
 19842 | Lair:5   | XOM: smoke on damage
 19884 | Lair:5   | XOM: 1-stop teleportation journey
 19901 | Lair:5   | Reached XP level 16. HP: 71/139 MP: 25/25
 19929 | Lair:5   | Reached skill level 10 in Evocations
 20141 | Lair:5   | XOM: divination: detect creatures
 20261 | Lair:5   | XOM: god gift: 32 gold pieces
 20791 | Lair:5   | XOM: cast spell 'Discord'
 20916 | Lair:5   | XOM: scenery: create altars
 21203 | Lair:5   | XOM: silly message
 21451 | D:15     | Entered Level 15 of the Dungeon
 21656 | D:15     | Found a hazy altar of Hepliaklqana.
 21816 | D:15     | Found a staircase to the Depths.
 21975 | D:15     | XOM: confuse monster(s)
 22496 | Snake:1  | Entered Level 1 of the Snake Pit
 22497 | Snake:1  | Found a stormy altar of Qazlal.
 22765 | Snake:1  | Learned a level 4 spell: Petrify
 22992 | Snake:1  | Identified the amulet "Dufot" {^Drain *Slow Will++ RegenMP+
                  | Stlth+} (Xom gifted it to you on level 1 of the Snake Pit)
 22992 | Snake:1  | XOM: god gift: amulet "Dufot" {^Drain *Slow Will++ RegenMP+
                  | Stlth+}
 23191 | Snake:1  | You fall into a shaft and drop 1 floor!
 23194 | Snake:2  | XOM: destruction
 23290 | Snake:2  | XOM: confuse monster(s)
 23304 | Snake:2  | Reached skill level 14 in Armour
 23494 | Snake:1  | XOM: 1-stop teleportation journey
 23619 | Snake:1  | XOM: silly message
 23979 | Snake:2  | XOM: scenery: summon butterflies
 24078 | Snake:2  | XOM: blink monster(s)
 24306 | Snake:2  | XOM: cast spell 'Fugue of the Fallen'
 24336 | Snake:2  | Reached XP level 17. HP: 120/148 MP: 27/27
 24927 | Snake:2  | Got the Verses on Translocation and the Snowflakes
 25349 | Snake:2  | XOM: cloud trail
 25440 | Snake:2  | Noticed Nikola
 25461 | Snake:2  | Killed Nikola
 26094 | Snake:3  | Identified the serpent talisman of Cynicism {+Blink}
 26094 | Snake:3  | Noticed Aizul
 26118 | Snake:2  | Killed Aizul
 26129 | Snake:3  | XOM: divination: detect creatures
 26362 | Snake:3  | XOM: silly message
 26393 | Snake:2  | XOM: silly message
 26660 | Snake:3  | Reached skill level 5 in Alchemy
 26665 | Snake:3  | XOM: enchant monster (bad)
 26703 | Snake:3  | XOM: fog
 26777 | Snake:3  | XOM: 8-stop teleportation journey
 26781 | Snake:3  | Found a burning altar of Makhleb.
 26781 | Snake:3  | XOM: 7-stop teleportation journey
 26970 | Snake:3  | XOM: destruction
 27026 | Snake:3  | XOM: summons 7 friendly demons
 27036 | Snake:3  | XOM: cleaving
 27396 | Snake:3  | XOM: summons friendly crimson imp
 27522 | Snake:2  | XOM: scenery: create altars
 27806 | Snake:3  | XOM: give mutations
 27806 | Snake:3  | Gained mutation: You have supernaturally acute eyesight.
                  | (SInv) [Xom's grace]
 27806 | Snake:3  | Gained mutation: You are very robust. (+20% HP) [Xom's
                  | grace]
 27806 | Snake:3  | Gained mutation: Your flesh is heat resistant. (rF+) [Xom's
                  | grace]
 27806 | Snake:3  | Gained mutation: You are extremely robust. (+30% HP) [Xom's
                  | grace]
 27989 | Snake:3  | XOM: polymorph salamander -> rime drake
 28078 | Snake:3  | XOM: polymorph naga -> river rat
 28278 | Snake:3  | XOM: god gift: +0 cloak of poison resistance
 28427 | Snake:3  | XOM: scenery: summon butterflies
 28468 | Snake:3  | XOM: god gift: 12 gold pieces
 28497 | Snake:4  | Entered Level 4 of the Snake Pit
 28675 | Snake:3  | XOM: give mutation
 28675 | Snake:3  | Gained mutation: You passively map a small area around you.
                  | [Xom's grace]
 28950 | Snake:4  | XOM: polymorph nagaraja -> broodmother
 28964 | Snake:4  | XOM: smoke on damage
 28973 | Snake:4  | XOM: 1-stop teleportation journey
 29011 | Snake:4  | XOM: enchant monster (good)
 29022 | Snake:4  | XOM: scenery: create altars
 29493 | Snake:4  | XOM: 6-stop teleportation journey
 29544 | Snake:4  | XOM: scenery: 1 doors close
 29559 | Snake:4  | Reached skill level 15 in Armour
 29595 | Snake:4  | Reached XP level 18. HP: 116/187 MP: 28/28
 29751 | Snake:4  | XOM: cloud trail
 29864 | Snake:4  | XOM: fog
 29940 | Snake:4  | XOM: destruction
 29944 | Snake:4  | XOM: polymorph salamander tyrant -> shock serpent
 29973 | Snake:4  | XOM: confuse monster(s)
 29975 | Snake:4  | XOM: fake destruction
 29977 | Snake:4  | XOM: scenery: create altars
 30190 | Snake:4  | XOM: snakes to sticks
 30260 | Snake:4  | XOM: summons friendly quasit
 30272 | Snake:4  | XOM: summons 2 friendly demons
 30282 | Snake:4  | XOM: draining
 30287 | Snake:4  | XOM: summons 1 hostile demon
 30531 | Snake:4  | XOM: summons 9 hostile demons
 30557 | Snake:4  | Got a serpentine rune of Zot
 30813 | Snake:4  | XOM: cast spell 'Summon Ice Beast'
 31243 | Lair:1   | Identified the ring of Adoute {+Blink MP+9 SInv}
 31364 | Orc:2    | Bought a pair of slimy boots for 199 gold pieces
 31364 | Orc:2    | Identified the +0 pair of boots of the Quahog {Str+2 Dex+2
                  | SInv} (You bought it in a shop on level 2 of the Orcish
                  | Mines)
 31393 | Orc:2    | Bought 5 silver javelins for 540 gold pieces
 31393 | Orc:2    | Bought 4 darts of dispersal for 43 gold pieces
 31604 | Depths:1 | Entered Level 1 of the Depths
 31622 | Depths:1 | XOM: give mutations
 31622 | Depths:1 | Lost mutation: Your mind is very acute. (Int +8, Str/Dex
                  | -2) [Xom's mischief]
 31622 | Depths:1 | Lost mutation: Your muscles are very strong. (Str +8,
                  | Int/Dex -2) [Xom's mischief]
 31622 | Depths:1 | Lost mutation: You are extremely robust. (+30% HP) [Xom's
                  | mischief]
 31622 | Depths:1 | Lost mutation: Your movements are slightly less encumbered
                  | by armour. (ER -2) [Xom's mischief]
 31673 | Depths:1 | XOM: scenery: 2 doors open, 1 doors close
 31687 | Depths:1 | XOM: silly message
 31798 | Depths:1 | XOM: smoke on damage
 32075 | Depths:1 | Found a one-way gate leading to the halls of Pandemonium.
 32089 | Depths:1 | XOM: potion effect (brilliance)
 32177 | Depths:1 | Noticed the Enchantress
 32184 | Depths:1 | XOM: silly message
 32200 | Depths:1 | Found a one-way gateway to a ziggurat.
 32206 | Depths:1 | XOM: potion effect (berserk rage)
 32290 | D:15     | XOM: divination: detect items
 32476 | D:15     | XOM: noise
 32662 | Depths:1 | XOM: swap monsters
 32742 | Depths:1 | XOM: chaos upgrade
 32749 | Depths:1 | XOM: confuse monster(s)
 32823 | D:15     | XOM: confuse monster(s)
 32825 | D:15     | Killed the Enchantress
 33248 | D:15     | XOM: divination: detect items
 33449 | D:15     | XOM: enchant monster (good)
 33557 | Depths:1 | XOM: cast spell 'Cause Fear'
 33562 | Depths:1 | XOM: divination: detect creatures
 33995 | Depths:1 | Found a transporter.
 33995 | Depths:1 | XOM: 3-stop teleportation journey
 34085 | Depths:1 | XOM: god gift: 995 gold pieces
 34098 | Depths:1 | Found a broken altar of Ashenzari.
 34111 | Depths:1 | Found a transporter.
 34122 | Depths:1 | Noticed Sojobo
 34122 | Depths:1 | XOM: enchant monster (good)
 34123 | Depths:1 | Sojobo changed into Sojobo the shard shrike
 34123 | Depths:1 | Noticed Sojobo
 34127 | Depths:1 | Killed Sojobo the shard shrike
 34128 | Depths:1 | Reached XP level 19. HP: 183/183 MP: 30/30
 34157 | Depths:1 | XOM: silly message
 34187 | Depths:1 | XOM: torment (102/183 hp)
 34405 | Depths:1 | Found a transporter.
 34407 | Depths:1 | Found a transporter.
 34443 | Depths:1 | Found a gateway to Hell.
 34643 | Depths:1 | Found the +5 Lochaber axe {reach-cleave, Poleaxe ^Drain}
 34661 | Depths:1 | XOM: chaos upgrade
 34979 | D:14     | XOM: give mutations
 34979 | D:14     | Gained mutation: You are extremely robust. (+30% HP) [Xom's
                  | grace]
 34979 | D:14     | Gained mutation: You are very agile. (Dex +8, Str/Int -2)
                  | [Xom's grace]
 35003 | Vaults:1 | Entered Level 1 of the Vaults
 35056 | Vaults:1 | XOM: swap monsters
 35103 | Vaults:1 | XOM: 1-stop teleportation journey
 35152 | Vaults:1 | XOM: fake destruction
 35471 | Vaults:1 | XOM: blink monster(s)
 35587 | Vaults:1 | XOM: give mutations
 35587 | Vaults:1 | Gained mutation: You expend magic power (3 MP) to
                  | strengthen your wands. [Xom's grace]
 35587 | Vaults:1 | Gained mutation: You have a pair of small antennae on your
                  | head. [Xom's grace]
 35587 | Vaults:1 | Gained mutation: Your flesh is very heat resistant. (rF++)
                  | [Xom's grace]
 35591 | Vaults:1 | XOM: scenery: 1 doors close
 35597 | Vaults:1 | XOM: cleaving
 35600 | Vaults:1 | XOM: confuse monster(s)
 35604 | Vaults:1 | XOM: fog
 35621 | Vaults:1 | Found a transporter.
 35662 | Vaults:1 | Found a transporter.
 35711 | Vaults:1 | XOM: polymorph sphinx -> skyshark
 35725 | Vaults:1 | XOM: fake destruction
 35815 | Vaults:1 | XOM: cloud trail
 35879 | Vaults:1 | Found Oseeb's Assorted Antiques.
 35883 | Vaults:1 | Bought a scroll of identify for 82 gold pieces
 35883 | Vaults:1 | Bought a potion of attraction for 123 gold pieces
 35883 | Vaults:1 | Bought a scroll of identify for 82 gold pieces
 35883 | Vaults:1 | Bought a wand of polymorph (4) for 229 gold pieces
 35883 | Vaults:1 | Bought a scroll of blinking for 307 gold pieces
 36181 | Vaults:1 | XOM: god gift: potion of curing
 36195 | Vaults:1 | XOM: 5-stop teleportation journey
 36352 | Vaults:1 | XOM: divination: magic mapping
 36437 | Vaults:1 | XOM: summons 2 friendly demons
 36801 | Vaults:2 | XOM: scenery: 1 doors open, 1 doors close
 36815 | Vaults:1 | XOM: smoke on damage
 37146 | Vaults:2 | Noticed a tentacled monstrosity
 37161 | Vaults:2 | Killed a tentacled monstrosity
 37166 | Vaults:2 | XOM: summons 8 friendly demons
 37172 | Vaults:2 | Killed from afar by an ironbound thunderhulk

Illustrated notes

Levels and vault maps discovered:
D:1:      saegor_arrival_simple_d, layout_loops_cross,
          shapermc_ecumenical_altar_mp_urbaneastern, serial_shops,
          nicolae_lakefront_shop
D:2:      layout_basic, basic_altar
D:3:      layout_rooms, serial_shops, shop, portal_sewer_entry_d
D:4:      layout_basic
D:5:      layout_rooms
D:6:      layout_basic, uniq_prince_ribbit1
D:7:      layout_basic, kennysheep_mini_moat,
          mainiacjoe_overflow_small_starburst, minmay_temple_entry_tees
D:8:      layout_basic, mainiacjoe_overflow_cross_hatched, serial_shops, shop,
          nicolae_square_shop, nicolae_shop_statue_plus, shop,
          gammafunk_ghost_split
D:9:      nicolae_cairo_tiling_large, layout_long_grid,
          kennysheep_generic_room_4
D:10:     layout_loops_cross, lemuel_round_altar, erik_lair_orcish_takeover
D:11:     layout_basic, david_orc_3
D:12:     layout_irregular_city
D:13:     layout_stronghold, skrybe_vaults_entry_preservation,
          gauntlet_entry_generic, nemelex_spade_bored_becter
D:14:     layout_rooms, minmay_holes, uniq_jorgrun, uniq_josephine, uniq_rupert
D:15:     gammafunk_enter_depths_forms, layout_loops_ring,
          nicolae_hepliaklqana_hazy_memory
Temple:   nicolae_temple_no_exploring_needed
Lair:1:   layout_chaotic_city, maelrawn_ghost_gauntlet_escape, st_stairs_9,
          chequers_serial_rivers_micro_a
Lair:2:   layout_roguey, dummy_snake_entry, serial_bayou_shore_b
Lair:3:   layout_chaotic_city, elwin_shoals_entry_rooms, lemuel_centaur_altar
Lair:4:   layout_roguey, slime_entry_1, serial_forest,
          infiniplex_forest_straight_1, infiniplex_forest_join,
          infiniplex_forest_clump_double, infiniplex_forest_lined_corner,
          infiniplex_forest_lined_1, infiniplex_forest_clump_curved,
          infiniplex_forest_lined_1, nzn_ghost_randoct, uniq_kirke
Lair:5:   evilmike_catoblepas_cave, layout_regular_city, uniq_sonja
Snake:1:  layout_grid_maze, basic_altar, nicolae_integral_box, lemuel_fruit_tree
Snake:2:  layout_layer_cave, serial_library_hellmonk_metal_room,
          grunt_megastairs_1, uniq_nikola
Snake:3:  layout_gridlike, basic_altar, grunt_megastairs_3, uniq_aizul
Snake:4:  snake_pit_salamanders_mu, layout_cave_town
Orc:1:    cheibrodos_orc_bank, layout_caves, basic_altar, enter_volcano_4,
          regret_index_minedec_devilstone, uniq_snorg
Orc:2:    st_orc_open, layout_caves, serial_shops, shop, special_room,
          basic_altar
Vaults:1: v_misc_31, gammafunk_its_a_trap, nicolae_vaults_sightless_eye,
          nicolae_vaults_trapezoid_lopsided_2, hangedman_vaults_stagger,
          layout_vaults_omnigrid, serial_shops, shop
Vaults:2: nicolae_vaults_steering_wheel, vaults_dpeg_hooks,
          nicolae_vaults_tetromino_Z_1, minmay_crypt_entry_necro_gods,
          nicolae_vaults_diagonal_hallway_8, ontoclasm_vaults_spin,
          serial_library_hellmonk_semicircle, st_diamondy,
          ontoclasm_vaults_pinch, ontoclasm_vaults_decontamination,
          nicolae_vaults_mitosis, nicolae_vaults_more_shelving_2,
          nicolae_vaults_little_squares_3, vaults_room_large_hall,
          nicolae_vaults_mini_display_case, nicolae_vaults_little_squares_3,
          nicolae_vaults_variable_pillar_hall_cross, layout_vaults_ring,
          serial_shops, nicolae_square_shop
Depths:1: minmay_the_grid_triangle_9x9_rhombus_thin_mashed
          [minmay_the_grid_triangle_9x9_dagger,
          minmay_the_grid_triangle_9x9_prize_insulated,
          minmay_the_grid_triangle_9x9_empty,
          minmay_the_grid_triangle_9x9_longest], layout_gridville,
          enter_ziggurat_f, cheibrodos_ashenzari_chains, hell_entry, pan_entry,
          dk_noncrumbling_3, nicolae_transporter_circle, uniq_enchantress,
          uniq_sojobo
Depths:2: dreamdust_tengu_aerie, layout_basic, rand_demon_pan_entry_8,
          hangedman_coc_ice_floe, infiniplex_staircase_zigzag_3,
          kennysheep_random_hallway

Skill      XL: |  1  2  3  4  5  6  7  8  9 10 11 12 13 14 15 16 17 18 19 |
---------------+----------------------------------------------------------+-----
Dodging        | 1 2 3 4 5 6 7 8 9 10 11 | 11.9
Armour         | 2 3 4 5 6 7 8 10 11 13 14 15 | 15.9
Polearms       | 1 2 3 4 5 6 7 8 9 |  9.3
Stealth        | 1 2 3 4 |  4.0
Spellcasting   | 1 2 3 4 5 6 7 8 |  8.1
Axes           | 4 5 6 7 8 9 10 11 12 13 14 | 14.0
Fighting       | 4 5 6 7 8 9 10 11 12 13 14 | 14.8
Maces & Flails | 1 2 3 4 5 6 7 8 9 |  9.6
Evocations     | 1 2 4 5 6 7 8 9 10 11 12 | 12.8
Necromancy     | 1 2 4 5 6 7 8 |  8.5
Alchemy        | 1 3 4 5 6 7 |  7.4

Action                     |  1- 3 |  4- 6 |  7- 9 | 10-12 | 13-15 | 16-18 | 19-21 || total
---------------------------+-------+-------+-------+-------+-------+-------+-------++-------
  Melee: Hand axe          |    54 |    81 |   171 |   297 |   746 |  1052 |   279 ||  2680
         Dagger            |    50 |    12 |       |       |       |       |       ||    62
         Flail             |       |    70 |   180 |   318 |   792 |  1080 |   289 ||  2729
Ability: Invent Gizmo      |       |       |       |       |     1 |       |       ||     1
  Evoke: Wand              |       |       |       |    22 |    27 |    35 |     4 ||    88
         Phantom mirror    |       |       |       |     1 |     3 |     4 |     2 ||    10
         Lightning rod     |       |       |       |       |       |    20 |     7 ||    27
         Phial of floods   |       |       |       |       |       |     3 |     1 ||     4
    Use: Scroll            |       |    10 |     5 |    13 |    16 |    23 |     4 ||    71
         Potion            |       |       |     4 |    17 |    11 |     8 |     7 ||    47
   Stab: Sleeping          |     1 |     4 |     4 |     4 |     5 |    13 |     4 ||    35
         Confused          |       |     3 |     2 |    10 |    20 |    67 |    45 ||   147
         Paralysed         |       |       |     4 |       |    12 |    27 |    12 ||    55
         Petrified         |       |       |       |     2 |    10 |    27 |       ||    39
         Petrifying        |       |       |       |     3 |     5 |    16 |     6 ||    30
         Held in net/web   |       |       |       |       |     3 |     8 |     1 ||    12
         Distracted        |       |       |       |       |    10 |     8 |     4 ||    22
         Fleeing           |       |       |       |       |       |     2 |       ||     2
 Armour: Leather armour    |    37 |    40 |       |       |       |       |       ||    77
         Troll leather arm |       |    26 |   177 |   286 |       |       |       ||   489
         Quicksilver drago |       |       |       |    38 |   561 |   901 |       ||  1500
         Acid dragon scale |       |       |       |       |       |    91 |   237 ||   328
  Dodge: Dodged            |    34 |    56 |   134 |   299 |   594 |   684 |   274 ||  2075
         Repelled          |       |       |       |       |    27 |    97 |    22 ||   146
  Block: Other             |       |       |       |    79 |   204 |   261 |    78 ||   622

Table legend: (Time is in decaauts)
 A = Elapsed time spent in this place.
 B = Non-inter-level travel time spent in this place.
 C = Inter-level travel time spent in this place.
 D = Time resting spent in this place.
 E = Time spent auto-exploring this place.
 F = Levels seen in this place.
 G = Mean time per level.
                   A        B        C        D        E       F      G
               +--------+--------+--------+--------+--------+-----+--------+
         Total |  36680 |  34085 |   2595 |   6008 |  21322 |  34 | 1078.8 |
       Dungeon |  14414 |  12773 |   1641 |   1466 |   9008 |  15 |  960.9 |
        Temple |     14 |     14 |      0 |      0 |     13 |   1 |   14.0 |
          Lair |   6171 |   5701 |    470 |    258 |   4300 |   5 | 1234.2 |
     Snake Pit |   8495 |   8200 |    295 |   2695 |   4137 |   4 | 2123.8 |
  Orcish Mines |   1837 |   1743 |     94 |    253 |   1034 |   2 |  918.5 |
        Vaults |   2072 |   2038 |     34 |    553 |   1030 |   2 | 1036.0 |
        Depths |   2045 |   1986 |     59 |    414 |   1184 |   2 | 1022.5 |
         Sewer |    284 |    284 |      0 |     10 |    172 |   1 |  284.0 |
       Volcano |    596 |    596 |      0 |     99 |    253 |   1 |  596.0 |
      Gauntlet |    748 |    748 |      0 |    259 |    189 |   1 |  748.0 |
               +--------+--------+--------+--------+--------+-----+--------+

Top non-repeatable levels by time:
 Snake:2: 3422 daAuts
 Snake:4: 2352 daAuts
    D:15: 2143 daAuts
Depths:1: 2042 daAuts
Vaults:1: 2015 daAuts
  Lair:5: 1907 daAuts
    D:13: 1634 daAuts
    D:14: 1466 daAuts
 Snake:3: 1430 daAuts
 Snake:1: 1290 daAuts
  Lair:3: 1268 daAuts
   Orc:2: 1176 daAuts
     D:9: 1137 daAuts
  Lair:4: 1083 daAuts
    D:12: 1019 daAuts
